AoeStats
← Cheonma

Arabia

510112124Analyzed
1v1 RM · 3d ago on Sep 29, 2026· 15m 58s· 2 players
Game mode
Random Map
Map size
Tiny (2 player)
Population
200
Speed
Normal
Resources
Standard
Victory
Conquest
Starting age
Dark Age
Ending age
Imperial Age
RankedLock teamsTeams togetherTeam positionsShared explorationLock speedFull tech treeHidden civsTurbo modeCheats
Victory
Defeat
🇦🇷 Vikings · Argentina
1117
+15
🇬🇧 Varangians · United Kingdom
1086
-15
Cheonma
5:43 Loom
9:09 Feudal Age
9:58 Double-Bit Axe
TTVPyrex_Live
0:42 Loom
8:50 Feudal Age
11:51 Wheelbarrow
11:30 Bloodlines
11:52 Loom
15:35 Forging
Connection lost

Rejoining the realm…

Still unreachable

The connection could not be restored.

Session expired

The server has moved on; the page needs a fresh start.